 Dungeon Crawl Stone Soup version 0.19.0-24-gb05acd6 (webtiles) character file.

3832 Malachi the Destroyer (level 9, 0/57 HPs)
             Began as a Demonspawn Wizard on Nov 18, 2016.
             Succumbed to a gnoll sergeant's poison
             ... on level 8 of the Dungeon on Nov 22, 2016.
             The game lasted 00:30:43 (12080 turns).

Malachi the Destroyer (Demonspawn Wizard)          Turns: 12080, Time: 00:30:44

Health: 0/57       AC: 13    Str: 11    XL:     9   Next: 98%
Magic:  20/20      EV: 12    Int: 27    God:
Gold:   352        SH:  0    Dex: 14    Spells: 5 memorised, 12 levels left

rFire  . . .     SeeInvis .     r - +1 long sword of the Unliving {slice, MR+ Str+4 Int+4 Dex+2}
rCold  . . .     Gourm    .     a - +0 robe
rNeg   . . .     Faith    .     (no shield)
rPois  .         Spirit   .     j - +2 helmet
rElec  .         Reflect  .     (no cloak)
rCorr  .         Harm     .     (gloves unavailable)
MR     +....                    i - +1 pair of boots
Stlth  ++........               m - amulet of magic regeneration
                                (no ring)
                                e - ring of flight

@: lethally poisoned (0 -> -5), sanguine armour
A: claws 3, demonic guardian 1, foul stench 1, rot immunity, sanguine armour 1
a: Evoke Flight


You were on level 8 of the Dungeon.
You were not hungry.

You visited 2 branches of the dungeon, and saw 9 of its levels.

You collected 352 gold pieces.

Inventory:

Hand Weapons
 k - a +1 dagger of speed
 r - the +1 long sword of the Unliving (weapon) {slice, MR+ Str+4 Int+4 Dex+2}
   (You found it on level 4 of the Dungeon)

   It inflicts extra damage upon your enemies.
   It affects your strength (+4).
   It affects your intelligence (+4).
   It affects your dexterity (+2).
   It affects your resistance to hostile enchantments.
Missiles
 x - 72 stones (quivered)
Armour
 a - a +0 robe (worn)
 b - a +0 hat
 i - a +1 pair of boots (worn)
 j - a +2 helmet (worn)
 s - a +1 helmet
Jewellery
 e - a ring of flight (left claw)
 m - an amulet of magic regeneration (around neck)
Scrolls
 g - 5 scrolls of identify
 h - 3 scrolls of amnesia
 l - 4 scrolls of blinking
 o - a scroll of torment {unknown}
 p - a scroll of enchant weapon {unknown}
 t - a scroll of remove curse {unknown}
 u - a scroll of fog {unknown}
Potions
 q - 2 potions of might
 A - a potion of lignification {unknown}
Books
 c - a book of Minor Magic

   Spells                             Type                      Level
   a - Magic Dart                     Conjuration                  1
   b - Blink                          Translocation                2
   c - Call Imp                       Summoning                    2
   d - Repel Missiles                 Charms/Air                   2
   e - Slow                           Hexes                        2
   f - Conjure Flame                  Conjuration/Fire             3
   g - Mephitic Cloud                 Conjuration/Poison/Air       3
 w - a book of Debilitation

   Spells                             Type                      Level
   a - Corona                         Hexes                        1
   b - Slow                           Hexes                        2
   c - Gell's Gravitas                Hexes/Translocation          3
   d - Inner Flame                    Hexes/Fire                   3
   e - Cause Fear                     Hexes                        4
   f - Leda's Liquefaction            Hexes/Earth                  4
Comestibles
 d - 4 bread rations
 f - 3 meat rations
 v - 2 beef jerkies
 z - a fruit
 B - a royal jelly
 C - a chunk of flesh


   Skills:
 - Level 0.2 Fighting
 - Level 0.8(3.0) Short Blades
 + Level 4.7(4.8) Long Blades
 - Level 2.2 Dodging
 - Level 1.9 Stealth
 + Level 0.1 Unarmed Combat
 + Level 7.5 Spellcasting
 * Level 8.3 Conjurations
 + Level 3.3 Summonings
 + Level 1.6 Translocations
 - Level 5.0 Air Magic


You had 12 spell levels left.
You knew the following spells:

 Your Spells              Type           Power        Failure   Level  Hunger
a - Magic Dart            Conj           ####         1%          1    None
b - Blink                 Tloc           N/A          6%          2    None
c - Call Imp              Summ           ####....     1%          2    None
d - Mephitic Cloud        Conj/Pois/Air  ####....     2%          3    None
e - Conjure Flame         Conj/Fire      ####....     2%          3    None


Dungeon Overview and Level Annotations

Branches:
Dungeon (8/15)             Temple (1/1) D:5
   Lair: D:8-11

Altars:
Ashenzari
Cheibriados
Dithmenos
Elyvilon
Fedhas
Gozag
Hepliaklqana
Kikubaaqudgha
Makhleb
Nemelex Xobeh
Okawaru
Qazlal
Ru
Sif Muna
Trog
Uskayaw
Xom
Yredelemnul
Zin
The Shining One

Shops:
D:4 ?


Innate Abilities, Weirdness & Mutations

You have claws for hands.
A weak demonic guardian rushes to your aid.
You may emit foul miasma when damaged in melee.
You are immune to rotting.
When seriously injured, your bleeding wounds create armour. (AC +6)


Message History

Your white imp dies!
* * * LOW HITPOINT WARNING * * *
You feel sick.
The gnoll sergeant blocks your crimson imp's attack.
* * * LOW HITPOINT WARNING * * *
You feel sick. Something hits your crimson imp!!
Your crimson imp dies!
* * * LOW HITPOINT WARNING * * *
You feel sick.
* * * LOW HITPOINT WARNING * * *
You feel sick.
* * * LOW HITPOINT WARNING * * *
You feel sick.
* * * LOW HITPOINT WARNING * * *
You feel sick.
* * * LOW HITPOINT WARNING * * *
You feel sick.
* * * LOW HITPOINT WARNING * * *
You feel sick.
You die...

........g#...###..##...##
.........(..## ##...#.##
........g....##. ....##
##.............####.
##...........##
##..........## #.# .##
###...........# .. ...#
......#.....#...##.# .....
#####.#.@....#.....# .....
##.........#....# ...#
##...............####
#..###.....<.............#
#..##.#####...#........#
##....# ...##.....###
##..#.## ...###......# #.
#..###.# ##.....###.###..#
#.####.## #.###..........#
##


You could see a gnoll sergeant.

Vanquished Creatures
  Erica (D:8)
  The ghost of Mandevil the Archer, a novice HEHu (D:5)
  Prince Ribbit (D:8)
  Grinder (D:3)
  2 orc warriors
  An ice beast (D:6)
  A black bear (D:8)
  2 sky beasts
  2 ogres (D:7)
  4 centaurs
  3 big kobolds
  3 bullfrogs (D:6)
  4 scorpions
  A howler monkey (D:7)
  An electric eel (D:7)
  2 crimson imps (D:5)
  A bullfrog zombie (D:6)
  A centaur zombie (D:8)
  A jelly (D:5)
  3 orc priests
  5 orc wizards
  3 hounds
  A bullfrog skeleton (D:7)
  2 iguanas
  Ijyb (D:3)
  4 worker ants
  A killer bee zombie (D:7)
  A howler monkey zombie (D:5)
  6 adders
  7 gnolls
  2 shadow imps (D:5)
  An ooze (D:4)
  3 adder skeletons
  An adder zombie (D:7)
  4 worms
  5 dart slugs
  3 leopard geckos
  21 orcs
  7 bats
  3 giant cockroaches
  7 goblins
  8 hobgoblins
  7 jackals
  4 quokkas
  4 ball pythons
  2 frilled lizards (D:4)
  18 kobolds
  A quokka zombie (D:5)
  12 rats
180 creatures vanquished.

Vanquished Creatures (collateral kills)
  A hornet (D:8)
  An ice beast (D:7)
  2 scorpions
  A gnoll (D:8)
  An adder zombie (D:7)
  A leopard gecko (D:7)
  A goblin (D:3)
  2 jackals (D:2)
  A kobold (D:7)
  A frilled lizard (D:5)
12 creatures vanquished.

Vanquished Creatures (others)
  2 ogres (D:7)
  A big kobold (D:7)
  2 bullfrogs (D:7)
  A killer bee (D:7)
  2 hounds (D:7)
  An orc wizard (D:7)
  An adder (D:7)
  A ball python (D:7)
11 creatures vanquished.

Grand Total: 203 creatures vanquished

Notes
Turn   | Place    | Note
-------+----------+-------------------------------------------
     0 | D:1      | Malachi the Demonspawn Wizard began the quest for the Orb.
     0 | D:1      | Reached XP level 1. HP: 13/13 MP: 4/4
     3 | D:1      | Noticed an electric eel
     3 | D:1      | Noticed an electric eel
   580 | D:1      | Gained mutation: You are immune to rotting. [demonic ancestry]
   580 | D:1      | Reached XP level 2. HP: 13/19 MP: 4/6
   873 | D:1      | Learned a level 2 spell: Blink
  1761 | D:1      | Gained mutation: You have sharp fingernails. [demonic ancestry]
  1761 | D:1      | Reached XP level 3. HP: 24/24 MP: 4/8
  2282 | D:2      | Found a deep blue altar of Sif Muna.
  2441 | D:3      | Reached skill level 2 in Conjurations
  2725 | D:2      | Gained mutation: You may emit foul miasma when damaged in melee. [demonic ancestry]
  2725 | D:2      | Reached XP level 4. HP: 30/30 MP: 9/9
  2797 | D:2      | Found a burning altar of Makhleb.
  3093 | D:2      | Learned a level 2 spell: Call Imp
  3097 | D:2      | Learned a level 3 spell: Mephitic Cloud
  3875 | D:3      | Noticed Ijyb
  3895 | D:3      | Killed Ijyb
  3930 | D:3      | Noticed Grinder
  3957 | D:3      | Reached XP level 5. HP: 15/35 MP: 7/11
  3977 | D:3      | Paralysed by Grinder for 2 turns
  3988 | D:3      | Killed Grinder
  3988 | D:3      | Reached skill level 3 in Conjurations
  3988 | D:3      | Reached skill level 1 in Air Magic
  3988 | D:3      | Gained mutation: When seriously injured, your bleeding wounds create armour. (AC +6) [demonic ancestry]
  3988 | D:3      | Reached XP level 6. HP: 13/41 MP: 1/12
  5269 | D:4      | Reached skill level 4 in Conjurations
  5465 | D:4      | Reached skill level 5 in Spellcasting
  5672 | D:4      | Gained mutation: A weak demonic guardian rushes to your aid. [demonic ancestry]
  5672 | D:4      | Reached XP level 7. HP: 38/46 MP: 5/14
  5914 | D:4      | Found Seiqeod's Magic Scroll Emporium.
  5923 | D:4      | Got a warped long sword
  5934 | D:4      | Identified the +1 long sword of the Unliving {slice, MR+ Str+4 Int+4 Dex+2} (You found it on level 4 of the Dungeon)
  6364 | D:5      | Entered Level 5 of the Dungeon
  6616 | D:5      | Noticed Mandevil's ghost (novice HEHu)
  6623 | D:5      | Learned a level 3 spell: Conjure Flame
  6642 | D:5      | Killed Mandevil's ghost
  6642 | D:5      | Reached skill level 5 in Conjurations
  6646 | D:5      | Found a staircase to the Ecumenical Temple.
  7007 | D:5      | Reached skill level 1 in Long Blades
  7177 | D:5      | Reached skill level 1 in Translocations
  7177 | D:5      | Gained mutation: You have very sharp fingernails. [demonic ancestry]
  7177 | D:5      | Reached XP level 8. HP: 52/52 MP: 11/16
  7637 | D:5      | Reached skill level 6 in Conjurations
  8163 | Temple   | Entered the Ecumenical Temple
  8689 | D:6      | Found an ancient bone altar of Kikubaaqudgha.
  8801 | D:6      | Reached skill level 7 in Conjurations
  8953 | D:7      | Gained mutation: You have claws for hands. [demonic ancestry]
  8953 | D:7      | Reached XP level 9. HP: 54/57 MP: 18/18
  9207 | D:7      | Found a bloodstained altar of Trog.
  9412 | D:7      | Found a shimmering altar of Xom.
 10969 | D:8      | Noticed Erica
 11126 | D:8      | Killed Erica
 11126 | D:8      | Reached skill level 8 in Conjurations
 11126 | D:8      | Reached skill level 5 in Air Magic
 11434 | D:8      | Upgraded the game from 0.19.0-20-gbc5f0c6 to 0.19.0-24-gb05acd6
 11937 | D:8      | Noticed Prince Ribbit
 11964 | D:8      | Killed Prince Ribbit
 12076 | D:8      | HP: 2/57 [poisoned by a gnoll sergeant]
 12080 | D:8      | Succumbed to a gnoll sergeant's poison

Skill      XL: |  1  2  3  4  5  6  7  8  9 |
---------------+----------------------------+-----
Dodging        | 2 |  2.2
Conjurations   | 2 3 4 5 7 8 |  8.3
Spellcasting   | 4 5 6 7 |  7.5
Air Magic      | 1 2 3 5 |  5.0
Summonings     | 2 3 |  3.3
Long Blades    | 1 3 4 |  4.7
Translocations | 1 |  1.6
Fighting       | |  0.2
Short Blades   | |  0.8
Stealth        | |  1.9
Unarmed Combat | |  0.1

Action                   |  1- 3 |  4- 6 |  7- 9 || total
-------------------------+-------+-------+-------++-------
Melee: Unarmed           |    19 |       |       ||    19
       Dagger            |    34 |   140 |     4 ||   178
       Long sword        |       |       |   216 ||   216
       Punch             |       |       |     1 ||     1
 Cast: Magic Dart        |    87 |    98 |   222 ||   407
       Call Imp          |       |     9 |    18 ||    27
       Mephitic Cloud    |       |     9 |     8 ||    17
       Blink             |       |       |     6 ||     6
       Conjure Flame     |       |       |     4 ||     4
  Use: Potion            |       |     3 |     3 ||     6
       Scroll            |       |     1 |     6 ||     7
 Stab: Confused          |       |     6 |       ||     6
       Sleeping          |       |     1 |     3 ||     4
  Eat: Chunk             |     5 |     5 |    15 ||    25
       Bread ration      |       |     1 |     1 ||     2
       Beef jerky        |       |       |     1 ||     1
Armor: Robe              |    28 |    19 |   101 ||   148
Dodge: Dodged            |    62 |    63 |   202 ||   327
       Rpst.: Long sword |       |       |    53 ||    53
